 Dungeon Crawl Stone Soup version 0.30-a0-916-g9813417 (webtiles) character file.

Game seed: 2517525971044819429

505968 skewfiend the Impregnable (level 24, -7/245 HPs)
             Began as a Minotaur Hunter on Mar 18, 2023.
             Was a High Priest of Okawaru.
             Mangled by a doom hound (18 damage)
             ... led by Grunn
             ... on level 3 of the Depths on Mar 27, 2023.
             The game lasted 05:12:10 (52798 turns).

skewfiend the Impregnable (Minotaur Hunter)        Turns: 52798, Time: 05:12:11

Health: -7/245     AC: 39    Str: 25      XL:     24   Next: 17%
Magic:  29/29      EV: 33    Int:  3      God:    Okawaru [*****.]
Gold:   5208       SH:  0    Dex: 32 (33) Spells: 23/23 levels left

rFire   + + .      SeeInvis .    b - +9 arbalest (heavy)
rCold   + . .      Faith    .    (shield currently unavailable)
rNeg    + . .      Spirit   .    d - +2 plate armour {rC+}
rPois   +          Reflect  .    B - +1 hat "Lyoqoaw" {Str+6 Dex+3}
rElec   .          Rampage  .    i - +2 cloak
rCorr   +                        N - +2 pair of gloves of Grace {rF++ Str+3}
Will    +....                    q - +2 pair of boots of Responsibility {Int+2} Stlth
                                 A - amulet of regeneration
HPRegen 1.40/turn                P - ring of Mophaw {Fly rPois rF- rC+ Int-5}
MPRegen 0.21/turn                z - ring of Royalty {Fire Drain rN+ rCorr Dex+6}

@: heroic, flying, studying Shields
A: horns 2, retaliatory headbutt, iridescent scales 1, clumsy 1, deterioration 1
}: 2/15 runes: decaying, gossamer
a: Renounce Religion, Heroism, Finesse, Duel


You were on level 3 of the Depths.
You worshipped Okawaru.
Okawaru was extremely pleased with you.
You visited 10 branches of the dungeon, and saw 45 of its levels.
You visited the Abyss 3 times.
You visited 1 bazaar.
You also visited: Sewer, Bailey, Gauntlet and Ice Cave.

You collected 6625 gold pieces.
You spent 1417 gold pieces at shops.

Inventory:

Hand Weapons
 a - a +9 longbow of flaming
 b - a +9 heavy arbalest (weapon)
 c - a +4 longbow of flaming
Armour
 d - a +2 plate armour of cold resistance (worn)
 i - a +2 cloak (worn)
 j - a +2 plate armour of fire resistance
 q - the +2 pair of boots of Responsibility (worn) {Int+2}
   (You found it in a Gauntlet)

   Int:       It affects your intelligence (+2).
 B - the +1 hat "Lyoqoaw" (worn) {Str+6 Dex+3}
   (Okawaru gifted it to you in an ice cave)

   Str:       It affects your strength (+6).
   Dex:       It affects your dexterity (+3).
 N - the +2 pair of gloves of Grace (worn) {rF++ Str+3}
   (You found it in an ice cave)

   Str:       It affects your strength (+3).
   rF:        It greatly protects you from fire.
Jewellery
 n - a ring of see invisible
 v - a +5 ring of evasion
 z - the ring of Royalty (right hand) {Fire Drain rN+ rCorr Dex+6}
   (You found it in a Gauntlet)

   [ring of fire]

   It enhances your fire magic.
   Dex:       It affects your dexterity (+6).
   rF:        It protects you from fire.
   rC:        It makes you vulnerable to cold.
   rN:        It protects you from negative energy.
   rCorr:     It protects you from acid and corrosion.
   Drain:     It drains your maximum health when unequipped.
 A - an amulet of regeneration (around neck)
 P - the ring of Mophaw (left hand) {Fly rPois rF- rC+ Int-5}
   (You found it on level 1 of the Orcish Mines)

   [ring of protection from cold]

   Int:       It affects your intelligence (-5).
   rF:        It makes you vulnerable to fire.
   rC:        It protects you from cold.
   rPois:     It protects you from poison.
   Fly:       It grants you flight.
Wands
 t - a wand of flame (7)
 E - a wand of digging (3)
 F - a wand of roots (43)
 J - a wand of light (34)
Scrolls
 o - 7 scrolls of poison
 p - a scroll of silence
 r - a scroll of enchant weapon
 s - 10 scrolls of blinking
 u - 6 scrolls of fear
 y - 5 scrolls of magic mapping
 G - 9 scrolls of immolation
 I - 13 scrolls of fog
 Q - 15 scrolls of teleportation
Potions
 e - 2 potions of cancellation
 f - 3 potions of berserk rage
 g - 11 potions of might
 h - 14 potions of ambrosia
 k - 13 potions of curing
 l - 17 potions of flight
 m - 6 potions of heal wounds
 x - 7 potions of magic
 M - 4 potions of invisibility
 T - 2 potions of haste
 V - 2 potions of resistance
Miscellaneous
 U - a condenser vane


   Skills:
 + Level 26.3(27) Fighting
 + Level 23.2(27) Ranged Weapons
 + Level 26.6(27) Armour
 + Level 23.4(27) Dodging
 - Level 0.7(5.7) Stealth
 + Level 9.5 Invocations


You had 23 spell levels left.
You didn't know any spells.
Your spell library contained the following spells:

 Spells                   Type           Power      Damage    Failure   Level
 Apportation              Tloc           0%         N/A       90%         1
 Kiss of Death            Conj/Necr      0%         2d5       90%         1
 Necrotise                Necr           0%         1d4       90%         1
 Sandblast                Erth           0%         2d4       90%         1
 Slow                     Hex            0%         N/A       90%         1
 Cigotuvi's Dreadful Rot  Necr/Pois/Air  0%         N/A       97%         2
 Ensorcelled Hibernation  Hex/Ice        0%         N/A       97%         2
 Lesser Beckoning         Tloc           0%         N/A       97%         2
 Passwall                 Tmut/Erth      0%         N/A       97%         2
 Scorch                   Fire           0%         2d5       97%         2
 Static Discharge         Conj/Air       0%         2-2/arc   97%         2
 Confusing Touch          Hex            0%         N/A       99%         3
 Dazzling Flash           Conj/Hex       0%         N/A       99%         3
 Gell's Gravitas          Tloc           0%         N/A       99%         3
 Ignite Poison            Fire/Tmut/Pois 0%         N/A       99%         3
 Kindle Blastsparks       Fire/Tloc/Air  0%         2d10      99%         3
 Ozocubu's Armour         Ice            0%         N/A       99%         3
 Portal Projectile        Hex/Tloc       0%         N/A       99%         3
 Spider Form              Tmut/Pois      0%         N/A       99%         3
 Stone Arrow              Conj/Erth      0%         3d7       99%         3
 Teleport Other           Tloc           0%         N/A       99%         3
 Vampiric Draining        Necr           0%         2d6       99%         3
 Vhi's Electric Charge    Tloc/Air       0%         N/A       99%         3
 Airstrike                Air            0%         2d(0-16)  100%        4
 Anguish                  Hex/Necr       0%         N/A       100%        4
 Cause Fear               Hex            0%         N/A       100%        4
 Flame Wave               Conj/Fire      0%         2d4       100%        4
 Ice Form                 Ice/Tmut       0%         N/A       100%        4
 Iskenderun's Mystic Bla  Conj/Tloc      0%         2d3       100%        4
 Leda's Liquefaction      Hex/Erth       0%         N/A       100%        4
 Olgreb's Toxic Radiance  Pois           0%         N/A       100%        4
 Petrify                  Tmut/Erth      0%         N/A       100%        4
 Sticky Flame             Conj/Fire      0%         2d3       100%        4
 Agony                    Necr           0%         N/A       100%        5
 Alistair's Intoxication  Tmut/Pois      0%         N/A       100%        5
 Arcjolt                  Conj/Air       0%         1d10      100%        5
 Blade Hands              Tmut           0%         N/A       100%        5
 Freezing Cloud           Conj/Ice/Air   0%         6-21      100%        5
 Lee's Rapid Deconstruct  Erth           0%         3d4*      100%        5
 Metabolic Englaciation   Hex/Ice        0%         N/A       100%        5
 Plasma Beam              Fire/Air       0%         2x1d11    100%        5
 Silence                  Hex/Air        0%         N/A       100%        5
 Eringya's Noxious Bog    Tmut/Pois      0%         N/A       100%        6
 Iron Shot                Conj/Erth      0%         9d1       100%        6
 Starburst                Conj/Fire      0%         6d3       100%        6
 Statue Form              Tmut/Erth      0%         N/A       100%        6
 Dragon Form              Tmut           0%         N/A       100%        7
 Orb of Destruction       Conj           0%         9d5       100%        7
 Ozocubu's Refrigeration  Ice            0%         4d7       100%        7
 Borgnjor's Revivificati  Necr           0%         N/A       100%        8
 Ignition                 Fire           0%         3d3       100%        8
 Lehudib's Crystal Spear  Conj/Erth      0%         10d2      100%        8
 Fire Storm               Conj/Fire      0%         5d1       100%        9
 Polar Vortex             Ice            0%         N/A       100%        9
 Summon Small Mammal      Summ           Unusable   N/A       N/A         1
 Call Canine Familiar     Summ           Unusable   N/A       N/A         3
 Summon Guardian Golem    Hex/Summ       Unusable   N/A       N/A         3
 Tukima's Dance           Hex            Unusable   N/A       N/A         3
 Animate Dead             Necr           Unusable   N/A       N/A         4
 Summon Lightning Spire   Summ/Air       Unusable   N/A       N/A         4
 Summon Forest            Summ/Tloc      Unusable   N/A       N/A         5
 Simulacrum               Ice/Necr       Unusable   N/A       N/A         6
 Summon Cactus Giant      Summ           Unusable   N/A       N/A         6
 Haunt                    Necr/Summ      Unusable   N/A       N/A         7
 Spellforged Servitor     Conj/Summ      Unusable   N/A       N/A         7
 Summon Hydra             Summ           Unusable   N/A       N/A         7
 Infestation              Necr           Unusable   N/A       N/A         8
 Dragon's Call            Summ           Unusable   N/A       N/A         9

Dungeon Overview and Level Annotations

Branches:
Dungeon (15/15)            Temple (1/1) D:4            Lair (5/5) D:11
  Swamp (4/4) Lair:3       Spider (4/4) Lair:2        Slime (0/5) Lair:5
    Orc (2/2) D:10            Elf (3/3) Orc:2        Vaults (4/5) D:14
  Crypt (3/3) Vaults:3       Tomb (0/3) Crypt:3      Depths (4/4) D:15
  Sewer (visited)          Bailey (visited)           IceCv (visited)
Gauntlet (visited)
    Zot: Depths:4

Altars:
Ashenzari
Cheibriados
Dithmenos
Elyvilon
Fedhas
Gozag
Hepliaklqana
Kikubaaqudgha
Makhleb
Nemelex Xobeh
Okawaru
Qazlal
Ru
Sif Muna
Trog
Uskayaw
Vehumet
Wu Jian
Xom
Yredelemnul
Zin
The Shining One
Jiyva

Shops:
D:1 *   D:15 *   Orc:2 :*[(   Elf:2 *   Vaults:1 :!([=   Vaults:3 *

Portals:
Hell: Depths:1 Depths:2 Depths:3
Abyss: Crypt:2 Depths:3
Pandemonium: Depths:2

Annotations:
D:5 diggold


Innate Abilities, Weirdness & Mutations

You have a pair of horns on your head.
You reflexively headbutt those who attack you in melee.
You are partially covered in iridescent scales. (AC +2)
You are clumsy. (Dex -2)
Your body sometimes deteriorates upon taking damage.


Message History

The bone dragon completely misses you.
The doom hound bites you but does no damage.
The doom hound claws you but does no damage.
You shoot a bolt.
The bolt hits the bone dragon but does no damage.
The bone dragon is severely damaged.
The doom hound completely misses you. The doom hound barely misses you.
The bone dragon completely misses you. You furiously retaliate!
You headbutt the bone dragon. The bone dragon completely misses you.
The bone dragon tramples you but does no damage.
The doom hound completely misses you. x2
The bone dragon completely misses you. x2
The bone dragon tramples you but does no damage.
You shoot a bolt. The bolt hits the bone dragon!!!!
You destroy the bone dragon!
Okawaru accepts your kill. The doom hound bites you.
* * * LOW HITPOINT WARNING * * *
The doom hound claws you!
* * * LOW HITPOINT WARNING * * *
The doom hound misses you. You furiously retaliate!
You headbutt the doom hound! The doom hound misses you.
You shoot a bolt. The bolt hits the doom hound!
The doom hound is heavily wounded.
The doom hound barely misses you. You furiously retaliate!
You headbutt the doom hound. The doom hound completely misses you.
The doom hound bites you.
* * * LOW HITPOINT WARNING * * *
The doom hound barely misses you. The doom hound misses you.
You furiously retaliate!
You headbutt the doom hound!
The doom hound claws you but does no damage.
You shoot a bolt. The bolt hits the doom hound!!
The doom hound is severely wounded.
The doom hound completely misses you. You furiously retaliate!
You headbutt the doom hound. The doom hound completely misses you.
The doom hound closely misses you. The doom hound barely misses you.
You shoot a bolt. The bolt hits the doom hound!
The doom hound is almost dead.
The doom hound bites you!!
You die...

### '.# #.# #.#
#.# #.# #.#
#.################
.......[.).....h@#
.................#
.........^.......#
.................#
#..........>.....#
#................#
#................#
'.################
###


You could see a doom hound.

Vanquished Creatures
  2 ancient liches
  Mara (Vaults:3)
  Sojobo (Depths:2)
  The ghost of Cuott the Evocator, a veteran DDFi of Makhleb (Crypt:2)
  Xtahua (Crypt:3)
  A caustic shrike (Depths:3)
  3 golden dragons (Depths:3)
  2 bone dragons
  A profane servitor (Crypt:2)
  The ghost of Pawaof the Spry, a veteran KoBe of Uskayaw (Vaults:1)
  A Tzitzimitl (Depths:3)
  A doom hound (Depths:4)
  A Hell Sentinel (Crypt:2)
  The ghost of Mischaklue the Devastator, an adept GrFE of Sif Muna (Vaults:4)
  Rupert (Orc:2)
  Zenata (Vaults:3)
  The ghost of Illumine the Spry, an adept KoHu of Qazlal (Depths:1)
  A walking earthen tome (Depths:3)
  Grunn (Depths:4)
  2 deep elf blademasters (Elf:3)
  6 liches
  11 ancient champions
  3 deep elf master archers
  Agnes (Elf:2)
  4 sphinxes
  4 tentacled starspawn
  2 thorn hunters (Swamp:4)
  Kirke (Lair:3)
  Gastronok (D:11)
  3 tengu reavers (Depths:2)
  Donald (Vaults:3)
  A shadow dragon (Vaults:4)
  A fire giant (Depths:3)
  2 revenants
  3 deep elf sorcerers (Elf:3)
  3 fenstrider witches (Swamp:4)
  18 vault wardens
  3 emperor scorpions (Spider:4)
  5 ghost moths
  A balrug (Abyss:2)
  Louise (D:14)
  13 ghouls
  9 frost giants
  3 curse skulls
  2 war gargoyles
  3 deep elf elementalists (Elf:3)
  5 orc warlords
  2 cacodemons
  10 stone giants
  2 reapers
  14 ironbound preservers
  3 ironbound thunderhulks
  9 vampire knights
  17 very ugly things
  A caustic shrike skeleton (Depths:2)
  8 eleionomae
  2 white draconians
  4 deep elf demonologists (Elf:3)
  Azrael (Spider:1)
  6 deep elf annihilators
  2 bunyips (Swamp:4)
  5 eidola
  8 spark wasps
  8 deep elf death magi
  A minotaur (Gauntlet)
  11 dire elephants
  3 crystal guardians (Vaults:3)
  12 jiangshi
  10 ettins
  A green death (Swamp:4)
  Snorg (D:10)
  A mummy priest (Crypt:3)
  2 deep elf high priests (Elf:3)
  Harold (D:11)
  4 shambling mangroves
  3 fire dragons
  A hell beast (Depths:3)
  12 vault guards
  3 entropy weavers
  5 great orbs of eyes
  10 yaktaur captains
  10 hydras
  Erolcha (Orc:1)
  9 rakshasas
  2 peacekeepers (Vaults:3)
  5 radroaches
  4 ghost crabs
  2 catoblepae
  5 ice dragons
  11 centaur warriors
  2 death knights (Crypt:1)
  A fenstrider witch skeleton (Crypt:1)
  Erica (D:11)
  15 ironbound frosthearts
  An ogre mage (Swamp:4)
  3 spriggan air magi
  6 two-headed ogres
  7 boulder beetles
  12 alligators
  22 dancing weapons
  5 deep troll shamans
  A death scarab (Spider:4)
  A deep troll earth mage (Depths:1)
  An alligator (shapeshifter) (Depths:3)
  Urug (D:10)
  2 tengu warriors
  8 vampire magi
  6 death yaks (Lair:5)
  5 orc high priests
  6 thrashing horrors
  A titan zombie (Crypt:1)
  8 hell knights
  An emperor scorpion zombie (Crypt:3)
  13 spriggans
  2 sun demons (Depths:3)
  14 deep elf knights
  30 skeletal warriors
  4 soul eaters
  3 sixfirhies
  A spriggan berserker (Depths:1)
  2 pharaoh ants
  A salamander mystic (Depths:3)
  A titan skeleton (Crypt:1)
  A sun moth (Spider:4)
  4 skysharks
  2 wretched stars
  23 deep trolls
  2 shadow wraiths
  10 goliath frogs
  4 iron trolls
  2 flayed ghosts (Crypt:3)
  2 golden dragon zombies
  6 spriggan druids
  2 death drakes (Swamp:1)
  16 large abominations
  3 bog bodies
  An orb spider (shapeshifter) (Depths:1)
  11 orb spiders
  A shadow demon (Abyss:3)
  2 orange crystal statues
  A glowing orange brain (Vaults:4)
  22 ironbound convokers
  7 steelbarb worms
  21 deep elf archers
  A golden dragon skeleton (Depths:3)
  A swamp dragon (shapeshifter) (Crypt:2)
  11 wizards
  A mana viper (shapeshifter) (Abyss:3)
  11 phantasmal warriors
  6 swamp dragons
  9 harpies
  A shadow dragon zombie (Vaults:1)
  The ghost of MinotaursOnly the Sneak, a novice MiBr of Ru (D:6)
  12 lindwurms
  16 orc knights
  28 deep elf zephyrmancers
  33 deep elf pyromancers
  A spectral deep troll (Depths:1)
  2 manticores
  8 necromancers
  An eleionoma zombie (Crypt:2)
  17 wolf spiders
  40 ugly things
  9 orc sorcerers
  2 worldbinders
  2 will-o-the-wisps
  3 salamanders (Depths:3)
  23 cyclopes
  A salamander (shapeshifter) (Crypt:2)
  12 elephants
  2 moths of wrath
  A manticore (shapeshifter) (Vaults:3)
  6 black mambas
  A guardian serpent (Abyss:2)
  6 demonic crawlers
  An orc zombie (Crypt:1)
  The ghost of AnyaLaVert the Chopper, a novice HOFi (D:5)
  23 vault sentinels
  An eleionoma skeleton (Crypt:1)
  Maurice (D:11)
  A rust devil (Abyss:2)
  A naga mage (D:15)
  A titan simulacrum (Depths:3)
  2 orange demons (Swamp:4)
  3 smoke demons
  A frost giant skeleton (Crypt:2)
  2 centaur zombies
  Maggie (D:7)
  A death yak zombie (Crypt:2)
  A centaur skeleton (D:15)
  4 torpor snails
  2 freezing wraiths
  A minotaur zombie (Gauntlet)
  A hellion (Gauntlet)
  An elephant slug zombie (Crypt:2)
  A kobold demonologist (D:13)
  19 rime drakes
  9 cane toads
  A yaktaur zombie (Vaults:1)
  7 komodo dragons
  43 yaktaurs
  An orb spider zombie (Crypt:2)
  A redback zombie (Crypt:3)
  2 tormentors (Depths:4)
  7 guardian mummies (Crypt:3)
  2 efreet
  5 tengu conjurers
  2 catoblepas skeletons
  A red devil (Depths:2)
  2 harpy zombies
  5 bloated husks
  2 ancient zymes (Abyss:2)
  9 meliai
  A meliai (shapeshifter) (D:10)
  19 hornets
  3 trolls
  5 tyrant leeches
  5 hellwings (Swamp:4)
  2 queen bees
  A hydra skeleton (Crypt:3)
  21 polar bears
  A raiju (Abyss:1)
  24 tarantellas
  11 blink frogs
  A fire giant simulacrum (Depths:3)
  A tarantella (shapeshifter) (D:15)
  A snapping turtle (shapeshifter) (Depths:2)
  13 dream sheep (Lair:5)
  2 harpy skeletons (Crypt:1)
  A culicivora zombie (Crypt:1)
  A centaur simulacrum (D:10)
  A frost giant simulacrum (Vaults:1)
  4 air elementals
  24 jumping spiders
  2 flying skulls (Crypt:3)
  A stone giant simulacrum (Crypt:1)
  19 culicivoras
  The ghost of Dega the Ducker, an amateur SpHu (D:4)
  2 vampires
  2 shadows
  14 slime creatures
  2 black mamba zombies (Crypt:1)
  4 wyverns
  3 ynoxinuls
  4 fire elementals
  4 water elementals
  37 yaks
  3 humans (Lair:3)
  2 fire bats (Abyss:2)
  11 wraiths
  A steam dragon (Lair:2)
  A golden eye (Abyss:3)
  A hog (Lair:3)
  45 redbacks
  A basilisk (D:10)
  5 chaos spawn
  A neqoxec (Abyss:3)
  22 vampire mosquitoes
  A redback (shapeshifter) (Depths:3)
  18 swamp worms
  Edmund (D:6)
  2 glowing shapeshifter zombies
  7 wargs
  7 acid dragons
  8 hell hounds
  A swamp worm (shapeshifter) (Abyss:3)
  A deep troll skeleton (Crypt:2)
  2 glowing shapeshifter skeletons
  17 water moccasins
  38 orc warriors
  A cane toad zombie (Crypt:2)
  3 swamp drakes
  2 ice beasts
  2 sky beasts
  4 black bears
  9 small abominations
  A lindwurm zombie (Crypt:1)
  5 ogres
  25 wolves
  5 boggarts
  20 centaurs
  3 phantoms (D:6)
  A hog zombie (Crypt:3)
  A manticore skeleton (Crypt:2)
  A draconian zombie (Crypt:1)
  5 kobold brigands
  10 bullfrogs
  A bullfrog (shapeshifter) (Crypt:2)
  A glowing shapeshifter simulacrum (Depths:3)
  2 necrophages (Crypt:2)
  4 scorpions
  3 earth elementals
  8 wights
  A queen bee zombie (Crypt:2)
  61 killer bees
  A spriggan zombie (Crypt:3)
  7 electric eels
  3 howler monkeys
  A quasit (Abyss:2)
  8 hounds
  4 jellies
  A gnoll bouda (D:6)
  20 orc priests
  12 starcursed masses
  An iron imp (Abyss:1)
  Jessica (D:3)
  25 orc wizards
  4 sleepcaps
  6 iguanas
  An ogre zombie (Crypt:3)
  3 tengu zombies
  An acid dragon skeleton (Crypt:1)
  A hound skeleton (Crypt:2)
  A mummy (Crypt:3)
  12 gnolls
  11 adders
  2 river rats
  A shadow imp (D:6)
  8 white imps
  3 ufetubi
  An iguana skeleton (Crypt:1)
  2 worms
  2 dart slugs
  79 orcs
  6 endoplasms
  4 giant cockroaches
  17 goblins
  10 hobgoblins
  6 jackals
  4 quokkas
  3 training dummies (Elf:1)
  10 ball pythons
  6 bats
  6 frilled lizards
  A jackal skeleton (Crypt:3)
  31 kobolds
  A rat (shapeshifter) (D:10)
  10 rats
  A river rat skeleton (Crypt:2)
  A lurking horror (Abyss:3)
2085 creatures vanquished.

Vanquished Creatures (others)
  Asterion (Spider:4)
  A ghost moth (Spider:3)
  A spriggan air mage (Swamp:4)
  An ogre mage (Swamp:4)
  A deep elf knight (Elf:2)
  A wizard (Abyss:3)
  A culicivora (Spider:4)
  An orc priest (Orc:2)
  An orc wizard (Orc:2)
  An adder (D:3)
  A gnoll (D:7)
  A dart slug (D:3)
  12 foxfires
  17 fungi
  A lurking horror (Crypt:2)
  42 plants
  7 starspawn tentacles
  4 toadstools (D:3)
95 creatures vanquished.

Grand Total: 2180 creatures vanquished

Notes
Turn   | Place    | Note
-------+----------+-------------------------------------------
     0 | D:1      | skewfiend the Minotaur Hunter began the quest for the Orb.
     0 | D:1      | Reached XP level 1. HP: 18/18 MP: 0/0
   214 | D:1      | Found Ahaochose's General Store.
   264 | D:1      | Reached XP level 2. HP: 25/25 MP: 1/1
   272 | D:1      | Reached skill level 5 in Ranged Weapons
   457 | D:1      | Found a faded altar of an unknown god.
  1055 | D:2      | Reached XP level 3. HP: 30/30 MP: 2/2
  1494 | D:3      | Reached XP level 4. HP: 29/37 MP: 3/3
  1635 | D:3      | Found a shimmering altar of Xom.
  1664 | D:3      | Noticed Jessica
  1786 | D:3      | Killed Jessica
  1840 | D:3      | Found a glowing drain.
  1849 | D:3      | Reached XP level 5. HP: 44/44 MP: 4/4
  1857 | Sewer    | Entered a sewer
  1991 | Sewer    | Found a white marble altar of Elyvilon.
  2643 | D:4      | Found a staircase to the Ecumenical Temple.
  2671 | Temple   | Entered the Ecumenical Temple
  2812 | Temple   | Became a worshipper of Warmaster Okawaru
  2871 | D:4      | Found a runed translucent door.
  2876 | D:4      | Reached XP level 6. HP: 51/51 MP: 5/5
  2945 | D:4      | Noticed a sky beast
  2954 | D:4      | Killed a sky beast
  3037 | D:4      | Found a large runed translucent door.
  3038 | D:4      | Found a large runed translucent door.
  3054 | D:4      | Found a runed translucent door.
  3055 | D:4      | Found a blossoming altar of Fedhas.
  3137 | D:4      | Found a basalt altar of Yredelemnul.
  3273 | D:4      | Found a white marble altar of Elyvilon.
  3309 | D:4      | Noticed Dega's ghost (amateur SpHu)
  3369 | D:5      | Entered Level 5 of the Dungeon
  3383 | D:5      | Reached XP level 7. HP: 57/57 MP: 6/6
  3482 | D:5      | Found a runed translucent gate.
  3483 | D:5      | Found a runed translucent gate.
  3483 | D:5      | Found an opulent altar of Gozag.
  3484 | D:5      | Found a runed translucent gate.
  3503 | D:5      | Noticed AnyaLaVert's ghost (novice HOFi)
  3706 | D:5      | Identified the +4 scale mail of Gaenk {-Tele rF- rN+++
                  | Will++}
  3749 | D:5      | Found a snail-covered altar of Cheibriados.
  3773 | D:5      | Reached skill level 1 in Invocations
  3862 | D:5      | Found a shadowy altar of Dithmenos.
  3981 | D:5      | Found an ancient bone altar of Kikubaaqudgha.
  3990 | D:5      | Found a radiant altar of Vehumet.
  4016 | D:5      | Found a shimmering blue altar of Sif Muna.
  4187 | D:5      | Reached * piety under Okawaru
  4288 | D:6      | Noticed Edmund
  4305 | D:6      | Killed Edmund
  4323 | D:6      | Reached skill level 5 in Fighting
  4323 | D:6      | Reached skill level 10 in Ranged Weapons
  4323 | D:6      | Reached XP level 8. HP: 44/68 MP: 7/9
  4523 | D:6      | Found a transporter.
  4626 | D:6      | Reached ** piety under Okawaru
  4778 | D:6      | Reached XP level 9. HP: 78/78 MP: 11/11
  4787 | D:6      | Noticed a troll
  4793 | D:6      | Killed a troll
  4899 | D:6      | Noticed MinotaursOnly's ghost (novice MiBr)
  4901 | D:6      | Found a transporter.
  5010 | D:6      | Noticed a troll
  5024 | D:6      | HP: 2/79 [troll (14)]
  5026 | D:6      | Killed a troll
  5165 | D:6      | Found a glowing golden altar of the Shining One.
  5681 | D:7      | Reached *** piety under Okawaru
  5907 | D:7      | Noticed Maggie
  5919 | D:7      | Killed Maggie
  5942 | D:7      | Found a sparkling altar of Nemelex Xobeh.
  5943 | D:7      | Upgraded the game from 0.30-a0-900-g23479c0 to
                  | 0.30-a0-916-g9813417
  6152 | D:7      | Reached XP level 10. HP: 88/90 MP: 12/12
  6679 | Abyss:1  | Cast into level 1 of the Abyss (orc)
  6688 | Abyss:1  | Found a corrupted altar of Lugonu.
  6704 | Abyss:1  | Found a corrupted altar of Lugonu.
  6758 | Abyss:1  | Noticed a large abomination
  6771 | Abyss:1  | Killed a large abomination
  6774 | Abyss:1  | Reached **** piety under Okawaru
  6856 | Abyss:1  | Noticed a starcursed mass
  6873 | Abyss:1  | Noticed a bone dragon
  6874 | Abyss:1  | Killed a starcursed mass
  6875 | Abyss:1  | Reached skill level 10 in Fighting
  6879 | Abyss:1  | Killed a starcursed mass
  6884 | D:8      | Escaped the Abyss
  7377 | D:9      | Found a stormy altar of Qazlal.
  7438 | D:9      | Found a burning altar of Makhleb.
  7711 | D:9      | Reached skill level 5 in Dodging
  8202 | D:10     | Entered Level 10 of the Dungeon
  8215 | D:10     | Noticed a purple ugly thing
  8230 | D:10     | Killed a purple ugly thing
  8231 | D:10     | Reached skill level 5 in Armour
  8266 | D:10     | Reached XP level 11. HP: 86/101 MP: 13/13
  8330 | D:10     | Found a flagged portal.
  8339 | Bailey   | Entered a bailey
  8344 | Bailey   | Noticed an orc warlord
  8436 | Bailey   | Noticed an orc knight
  8447 | Bailey   | Killed an orc knight
  8462 | Bailey   | Found a runed translucent gate.
  8470 | Bailey   | Found a runed translucent gate.
  8471 | Bailey   | Found a runed translucent gate.
  8696 | Bailey   | Killed an orc warlord
  8747 | Bailey   | Reached XP level 12. HP: 110/110 MP: 14/14
  8776 | D:10     | Found a staircase to the Orcish Mines.
  9142 | D:10     | Noticed a centaur warrior
  9389 | D:4      | Found a hazy altar of Hepliaklqana.
  9399 | D:4      | Found a hide-covered altar of Uskayaw.
  9434 | D:4      | Killed Dega's ghost
  9529 | D:5      | Killed AnyaLaVert's ghost
  9658 | D:6      | Killed MinotaursOnly's ghost
  9849 | D:1      | Bought a potion of resistance for 120 gold pieces
  9849 | D:1      | Bought a potion of might for 48 gold pieces
 10025 | D:10     | Noticed a two-headed ogre
 10033 | D:10     | Killed a two-headed ogre
 10034 | D:10     | Reached skill level 15 in Ranged Weapons
 10100 | D:11     | Noticed Gastronok
 10105 | D:11     | Noticed a two-headed ogre
 10171 | D:11     | Noticed Snorg
 10171 | D:11     | Noticed Urug
 10181 | D:10     | Killed Snorg
 10186 | D:11     | Noticed Maurice
 10249 | D:10     | Killed Urug
 10336 | D:11     | Killed Maurice
 10337 | D:11     | Reached skill level 5 in Invocations
 10458 | D:11     | Noticed Harold
 10520 | D:11     | Killed Harold
 10544 | D:11     | Killed a two-headed ogre
 10545 | D:11     | Reached XP level 13. HP: 82/117 MP: 13/16
 10586 | D:11     | Killed Gastronok
 10635 | D:11     | Reached ***** piety under Okawaru
 10824 | D:11     | Identified a scroll of acquirement
 10825 | D:11     | Acquired a manual of Shields
 10890 | D:11     | Noticed Erica
 10893 | D:11     | Killed Erica
 10936 | D:11     | Found a staircase to the Lair.
 11130 | Lair:1   | Entered Level 1 of the Lair of Beasts
 11690 | Lair:1   | Found a glowing golden altar of the Shining One.
 12054 | Lair:2   | Found a gate leading to a gauntlet.
 12082 | Gauntlet | Entered a Gauntlet
 12082 | Gauntlet | Found a transporter.
 12082 | Gauntlet | Found a transporter.
 12088 | Gauntlet | Found a transporter.
 12100 | Gauntlet | Found a transporter.
 12118 | Gauntlet | Found a transporter.
 12118 | Gauntlet | Found a transporter.
 12119 | Gauntlet | Found the +8 demon blade "Leech" {evervamp, Harm Drain rN+}
 12120 | Gauntlet | Found a transporter.
 12120 | Gauntlet | Found a transporter.
 12121 | Gauntlet | Found a transporter.
 12129 | Gauntlet | Noticed a cacodemon
 12132 | Gauntlet | Found a transporter.
 12148 | Gauntlet | Found a transporter.
 12158 | Gauntlet | Found a transporter.
 12172 | Gauntlet | Found a transporter.
 12219 | Gauntlet | Found a transporter.
 12220 | Gauntlet | Found a runed translucent door.
 12277 | Gauntlet | Identified the +2 pair of boots of Responsibility {Int+2}
 12392 | Gauntlet | Received a gift from Okawaru
 12396 | Gauntlet | Identified the ring "Xyejuf" {*Slow Fly Str+2 Int+6}
 12401 | Gauntlet | Identified the ring of Royalty {Fire Drain rN+ rCorr Dex+6}
 12428 | Gauntlet | Noticed a minotaur
 12437 | Gauntlet | Killed a minotaur
 12467 | Gauntlet | Identified the staff of cold "Daoq" {rF- rC+ Str+5}
 12467 | Gauntlet | Identified the +2 pair of gloves of Wisdom {rN+}
 12757 | Lair:2   | Found a hole to the Spider Nest.
 13418 | Lair:3   | Noticed Kirke
 13426 | Lair:3   | Killed Kirke
 13520 | Lair:3   | Reached XP level 14. HP: 109/129 MP: 15/17
 13734 | Lair:3   | Found a staircase to the Swamp.
 13936 | Lair:3   | You fall into a shaft and drop 1 floor!
 14429 | Lair:4   | Received a gift from Okawaru
 14523 | Lair:4   | Reached skill level 10 in Dodging
 15387 | Lair:5   | Entered Level 5 of the Lair of Beasts
 15532 | Lair:5   | Reached skill level 15 in Armour
 15587 | Lair:5   | Found a viscous altar of Jiyva.
 15592 | Lair:5   | Found a staircase to the Slime Pits.
 16320 | Lair:5   | Received a gift from Okawaru
 16674 | Lair:3   | Reached skill level 15 in Fighting
 16844 | D:10     | Reached XP level 15. HP: 141/141 MP: 18/18
 17138 | Orc:1    | Entered Level 1 of the Orcish Mines
 17684 | Orc:1    | Noticed a frost giant
 17699 | Arena    | Entered the Arena
 17755 | Orc:1    | Killed a frost giant
 17856 | Orc:1    | Identified the +3 sling "Lufan" {flame, rElec rF+++ rC-
                  | rCorr}
 17864 | Orc:1    | Identified the +6 quarterstaff of the Barnacled God {flame,
                  | Fragile rElec rPois rC+++}
 17891 | Orc:1    | Identified the ring of Mophaw {Fly rPois rF- rC+ Int-5}
 18406 | Orc:2    | Entered Level 2 of the Orcish Mines
 18416 | Orc:2    | Noticed Erolcha
 18449 | Orc:1    | Killed Erolcha
 18449 | Orc:1    | Received a gift from Okawaru
 18766 | Orc:2    | Found a staircase to the Elven Halls.
 18961 | Orc:2    | Noticed Rupert
 18978 | Orc:2    | Killed Rupert
 19205 | Orc:2    | Received a gift from Okawaru
 19510 | Orc:2    | Found Irafed's General Store.
 19511 | Orc:2    | Found Xamp's Book Emporium.
 19513 | Orc:2    | Found Fyecaxzi's Antique Armour Emporium.
 19513 | Orc:2    | Found Rot Wuvo's Antique Weapon Shoppe.
 19922 | D:12     | Identified the +1 leather armour of Virtue {Str+3}
 20567 | D:13     | Identified the +1 trident "Leitt" {drain, rF+ rN+}
 21176 | D:14     | Identified the +0 chain mail of Happy Babbling {Will- Str+3
                  | Dex+2}
 21180 | D:14     | Found a frozen archway.
 21213 | IceCv    | Entered an ice cave
 21248 | IceCv    | Reached XP level 16. HP: 152/152 MP: 19/19
 21531 | IceCv    | Identified the +1 hat "Lyoqoaw" {Str+6 Dex+3} (Okawaru
                  | gifted it to you in an ice cave)
 21531 | IceCv    | Received a gift from Okawaru
 21600 | IceCv    | Identified the +10 broad axe "Wekaf" {antimagic, *Slow
                  | rPois Int+4}
 21913 | IceCv    | Got the Almanac of the Tundra
 21997 | IceCv    | Got Ginkif's Discourse on the Fjord and Spectres
 21999 | IceCv    | Identified the +2 pair of gloves of Grace {rF++ Str+3}
 22005 | IceCv    | Identified the +6 mace of Tortfeasance {drain, Contam rPois
                  | rF+ SInv}
 22477 | D:14     | Noticed Louise
 22497 | D:14     | Killed Louise
 22553 | D:14     | Found a gate to the Vaults.
 23054 | Elf:1    | Entered Level 1 of the Elven Halls
 23206 | Elf:1    | Found the +3 Mad Mage's Maulers {Infuse+∞ VampMP -Cast}
 23423 | Elf:1    | Reached skill level 15 in Dodging
 23592 | Elf:1    | Identified the +0 falchion of Suicidal Tendencies {freeze,
                  | rN++ Str+3}
 23602 | Elf:1    | Noticed a deep elf master archer
 23617 | Elf:1    | Killed a deep elf master archer
 23618 | Elf:1    | Received a gift from Okawaru
 23839 | Elf:1    | Reached XP level 17. HP: 166/166 MP: 20/20
 24355 | Elf:3    | Entered Level 3 of the Elven Halls
 24468 | Elf:2    | Found a shimmering blue altar of Sif Muna.
 24683 | Elf:2    | Noticed Agnes
 24725 | Elf:2    | Killed Agnes
 24801 | Elf:2    | Found a runed translucent gate.
 24801 | Elf:2    | Found a runed translucent gate.
 24802 | Elf:2    | Found a runed translucent gate.
 25196 | Elf:2    | Identified the +1 scale mail of Ijenn {Str+5} (Okawaru
                  | gifted it to you on level 2 of the Elven Halls)
 25196 | Elf:2    | Received a gift from Okawaru
 25588 | Elf:2    | Found Fiebbaca's General Store.
 25605 | Elf:2    | Bought a potion of heal wounds for 60 gold pieces
 25694 | Elf:2    | Paralysed by an air elemental for 1 turns
 26070 | Spider:1 | Entered Level 1 of the Spider Nest
 26070 | Spider:1 | Noticed Azrael
 26082 | Spider:1 | Killed Azrael
 27564 | Spider:2 | Identified the +5 dagger "Voah" {chaos, *Rage *Corrode
                  | rElec Int+6}
 27614 | Spider:3 | Reached XP level 18. HP: 163/178 MP: 20/23
 27877 | Spider:3 | Identified the +1 pair of gloves of the Flute {Str+3}
                  | (Okawaru gifted it to you on level 3 of the Spider Nest)
 27877 | Spider:3 | Received a gift from Okawaru
 28582 | Spider:3 | Identified the +9 halberd of the Telling Gods {heavy, Fly
                  | rPois}
 28812 | Swamp:1  | Entered Level 1 of the Swamp
 28841 | Swamp:1  | Identified the +10 longbow of Bankruptcy {heavy, rElec rF+
                  | rC+ Dex-4}
 30820 | Spider:4 | Entered Level 4 of the Spider Nest
 31033 | Spider:4 | Noticed Asterion
 31043 | Spider:4 | Killed Asterion
 31359 | Spider:4 | Identified the +1 kite shield "Doulecan" {rElec rPois rF+}
                  | (Okawaru gifted it to you on level 4 of the Spider Nest)
 31359 | Spider:4 | Received a gift from Okawaru
 31384 | Spider:4 | Reached XP level 19. HP: 143/189 MP: 1/24
 31753 | Spider:4 | Identified the +0 hat of the Wilderness {Str+3}
 32188 | Spider:4 | Got a gossamer rune of Zot
 32441 | Swamp:4  | Entered Level 4 of the Swamp
 33205 | Swamp:4  | Identified the +4 chain mail of Ownosa {rElec Will- Str+7
                  | Dex+2} (Okawaru gifted it to you on level 4 of the Swamp)
 33205 | Swamp:4  | Received a gift from Okawaru
 33566 | Swamp:4  | Got a decaying rune of Zot
 34018 | D:15     | Entered Level 15 of the Dungeon
 34077 | D:15     | Identified the +10 sling of Beogh's Delight {freeze, rF-
                  | rC++ rCorr Stlth+}
 34191 | D:15     | Found a staircase to the Depths.
 34207 | D:15     | Found Highe's Armour Shoppe.
 34263 | D:15     | Found a broken altar of Ashenzari.
 34524 | D:15     | Found Keyppiob's General Store.
 34527 | D:15     | Bought a scroll of enchant armour for 97 gold pieces
 34771 | Vaults:1 | Entered Level 1 of the Vaults
 35075 | Vaults:1 | Found Rap Qac's Antique Armour Boutique.
 35099 | Vaults:1 | Found Wocwuegacs's Distillery.
 35107 | Vaults:1 | Identified the +0 ring mail "Wuxeunaa" {Dex+3}
 35132 | Vaults:1 | Found Isiotunn's Weapon Shop.
 35141 | Vaults:1 | Found Xeirhar's Book Emporium.
 35442 | Vaults:1 | Reached XP level 20. HP: 200/200 MP: 25/25
 35558 | Vaults:1 | Found a large runed translucent door.
 35559 | Vaults:1 | Found a large runed translucent door.
 35560 | Vaults:1 | Noticed Pawaof's ghost (veteran KoBe)
 35575 | Vaults:1 | Found Mokh's Jewellery Shoppe.
 36033 | Vaults:1 | Paralysed by a great orb of eyes for 2 turns
 36209 | Vaults:1 | Noticed an ancient lich
 36227 | Vaults:1 | Killed an ancient lich
 36249 | Abyss:2  | Cast into level 2 of the Abyss (a wizard)
 36705 | Vaults:1 | Escaped the Abyss
 36895 | Vaults:1 | Killed Pawaof's ghost
 36899 | Vaults:1 | Identified the +3 short sword of Debt {freeze, Str+4}
 37141 | Vaults:2 | Identified the +0 pair of boots of the Pirate {Rampage rF+
                  | rC- Str+7} (Okawaru gifted it to you on level 2 of the
                  | Vaults)
 37141 | Vaults:2 | Received a gift from Okawaru
 37526 | Vaults:2 | Identified the +5 ring mail "Inginid" {Int+3}
 38428 | Vaults:3 | Noticed Donald
 38434 | Vaults:3 | Killed Donald
 38569 | Vaults:3 | Reached XP level 21. HP: 211/211 MP: 26/26
 38705 | Vaults:3 | Noticed Zenata
 38727 | Vaults:3 | Killed Zenata
 38949 | Vaults:3 | Noticed Mara
 38964 | Vaults:3 | Noticed skewfiend's illusion
 38970 | Vaults:3 | Noticed skewfiend's illusion
 38979 | Vaults:3 | Killed Mara
 39020 | Vaults:3 | Found Ceirokobe's Assorted Antiques.
 39028 | Vaults:3 | Bought a small pearl amulet for 185 gold pieces
 39028 | Vaults:3 | Bought a potion of heal wounds for 185 gold pieces
 39267 | Vaults:3 | Found a staircase to the Crypt.
 40002 | Vaults:4 | Identified the +1 pair of boots of Catatonia {Str+4}
                  | (Okawaru gifted it to you on level 4 of the Vaults)
 40002 | Vaults:4 | Received a gift from Okawaru
 40132 | Vaults:4 | Found a runed translucent gate.
 40132 | Vaults:4 | Found a runed translucent gate.
 40133 | Vaults:4 | Found a runed translucent gate.
 40133 | Vaults:4 | Noticed Mischaklue's ghost (adept GrFE)
 42230 | Vaults:4 | Killed Mischaklue's ghost
 42248 | Vaults:4 | Identified the +1 helmet "Tafog" {Rampage rElec rC- Will++
                  | Dex+2}
 42817 | Elf:3    | Paralysed by an air elemental for 1 turns
 42821 | Elf:3    | Paralysed by an air elemental for 1 turns
 43246 | Elf:3    | Paralysed by an air elemental for 1 turns
 43323 | Abyss:3  | Cast into level 3 of the Abyss (a deep elf demonologist)
 43429 | Abyss:3  | Noticed a profane servitor
 43439 | Abyss:3  | Reached XP level 22. HP: 215/222 MP: 27/27
 43542 | Abyss:3  | Identified the staff of conjuration "Waeheodgh" {Fly}
 43603 | Elf:3    | Escaped the Abyss
 43654 | Elf:3    | Found the +3 hat of Pondering {ponderous, Will+ MP+10
                  | Int+5}
 43698 | Elf:3    | Found the +9 staff of Wucad Mu {*channel}
 43808 | Elf:3    | Identified the staff of earth "Holuzxi" {*Corrode rF+ Str+6
                  | Int-2}
 43828 | Elf:3    | Got Sif Muna's Excursus on Oxidation
 43832 | Elf:3    | Identified the +7 long sword of Butchery {freeze, rElec
                  | rPois Dex+3 Stlth-}
 43880 | Elf:3    | Identified the +1 rapier of the Tired Hosts {venom, Str+4
                  | Dex+2} (Okawaru gifted it to you on level 3 of the Elven
                  | Halls)
 43880 | Elf:3    | Received a gift from Okawaru
 43890 | Elf:3    | Identified the +7 mace of Egaetioj {drain, rElec rC+}
 43933 | Elf:3    | Identified the +0 ice dragon scales of Waajoas {rF- rC++
                  | Regen+ Str+3}
 43947 | Elf:3    | Identified the staff of conjuration "Leano" {Int+3}
 43953 | Elf:3    | Got the Almanac of Arctic Lamentation
 44471 | Elf:3    | Identified the staff of death "Qalaun" {rC- rN+ Str+4
                  | Int+5}
 44477 | Elf:3    | Identified the staff of death "Giacinwu" {rPois rF+ rN+
                  | Int+4}
 44479 | Elf:3    | Identified the +4 battleaxe "Imowao" {elec, Will+}
 44877 | Crypt:1  | Entered Level 1 of the Crypt
 46307 | Crypt:2  | Found an ancient bone altar of Kikubaaqudgha.
 46390 | Crypt:2  | Received a gift from Okawaru
 46390 | Crypt:2  | Found the +5 robe of Misfortune {Harm *Corrode *Slow EV+5}
 46624 | Crypt:2  | Found a transporter.
 46631 | Crypt:2  | Found a transporter.
 46890 | Crypt:2  | Noticed Cuott's ghost (veteran DDFi)
 46918 | Crypt:2  | Killed Cuott's ghost
 46976 | Crypt:2  | Paralysed by a great orb of eyes for 5 turns
 47033 | Crypt:2  | Found a one-way gate to the infinite horrors of the Abyss.
 47079 | Crypt:2  | Identified the amulet "Fethutet" {Spirit rCorr Int+3}
 47099 | Crypt:3  | Entered Level 3 of the Crypt
 47109 | Crypt:3  | Noticed Xtahua
 47110 | Crypt:3  | Paralysed by Xtahua for 5 turns
 47127 | Crypt:3  | Killed Xtahua
 47483 | Crypt:3  | Reached XP level 23. HP: 229/234 MP: 28/28
 47572 | Crypt:3  | Received a gift from Okawaru
 47857 | Crypt:3  | Found a staircase to the Tomb.
 48726 | Crypt:3  | Noticed an ancient lich
 48742 | Crypt:3  | HP: 11/230 [???[an orange crystal statue] (6)]
 48987 | Crypt:3  | Killed an ancient lich
 49029 | Crypt:3  | Got the Grimoire of Open Graves
 49259 | Depths:1 | Entered Level 1 of the Depths
 49415 | Depths:1 | Found a radiant altar of Vehumet.
 49480 | Depths:1 | Found a gateway to Hell.
 49561 | Depths:1 | Found a hazy altar of Hepliaklqana.
 49723 | Depths:1 | Noticed Illumine's ghost (adept KoHu)
 49728 | Depths:1 | Found a runed translucent door.
 49933 | Depths:1 | Received a gift from Okawaru
 50260 | Depths:1 | Killed Illumine's ghost
 50276 | Depths:1 | Got the Anthology of Minerals
 50633 | Depths:2 | Found a flickering gateway to a bazaar.
 50647 | Bazaar   | Entered a bazaar
 50647 | Bazaar   | Found Qoigollu's Armour Shoppe.
 50647 | Bazaar   | Found Quseff Puto's Distillery.
 50649 | Bazaar   | Found Ofre's Antique Armour Shoppe.
 50665 | Bazaar   | Found Luah's Antique Weapon Emporium.
 50670 | Bazaar   | Bought a potion of ambrosia for 88 gold pieces
 50670 | Bazaar   | Bought a potion of mutation for 88 gold pieces
 50688 | Bazaar   | Bought a glowing plate armour for 546 gold pieces
 50949 | Depths:2 | Received a gift from Okawaru
 51132 | Depths:2 | Noticed Sojobo
 51141 | Depths:2 | Paralysed by an air elemental for 1 turns
 51158 | Depths:2 | Killed Sojobo
 51408 | Depths:2 | Paralysed by a sphinx for 4 turns
 51868 | Depths:2 | Found a one-way gate leading to the halls of Pandemonium.
 51869 | Depths:2 | Gained mutation: You are occasionally teleported next to
                  | monsters. [a cacodemon]
 51874 | Depths:2 | Lost mutation: You are occasionally teleported next to
                  | monsters. [potion of mutation]
 51874 | Depths:2 | Gained mutation: Your body sometimes deteriorates upon
                  | taking damage. [potion of mutation]
 51874 | Depths:2 | Gained mutation: You are partially covered in iridescent
                  | scales. (AC +2) [potion of mutation]
 51874 | Depths:2 | Gained mutation: You are clumsy. (Dex -2) [potion of
                  | mutation]
 51922 | Depths:3 | Received a gift from Okawaru
 52422 | Depths:3 | Reached XP level 24. HP: 152/245 MP: 28/28
 52649 | Depths:3 | Paralysed by something for 3 turns
 52657 | Depths:3 | Paralysed by something for 3 turns
 52771 | Depths:4 | Entered Level 4 of the Depths
 52772 | Depths:4 | Noticed Grunn
 52777 | Depths:4 | Killed Grunn
 52795 | Depths:3 | HP: 10/245 [doom hound[Grunn] (15)]
 52798 | Depths:3 | Mangled by a doom hound

Illustrated notes

Levels and vault maps discovered:
D:1:      dpeg_arrival_arbitrary_b, layout_loops_corners,
          ebering_ecumenical_altar_mist, serial_shops, shop, serial_forest,
          infiniplex_forest_lined_room_2, infiniplex_forest_fountain,
          infiniplex_forest_corner_2, infiniplex_forest_end_1,
          infiniplex_forest_corner_1, infiniplex_forest_end_1, minivault_19,
          minivault_11
D:2:      layout_basic
D:3:      layout_rooms, xom_confusion_cloud, portal_sewer_entry_b,
          serial_co_window_serial, co_window_paths_a, co_window_corner_a,
          co_window_corner_a, co_window_paths_a, co_window_corner_a,
          co_window_paths_a, co_window_of_opportunity_a, co_window_paths_a,
          co_window_of_opportunity_a, co_window_broadway_a,
          co_window_unsneaky_path_b, co_window_of_opportunity_c,
          co_window_broadway_c, co_window_broadway_a, glass_columns_a,
          minmay_gold_behind_fungi, uniq_jessica
D:4:      layout_cave_pools, kennysheep_ying_yang, fedhas_altar_3,
          jmf_multi_god_temple2, minmay_temple_entry_trees,
          ebering_ghost_sewer_f
D:5:      layout_loops_ring, palyth_temple_overflow_mages,
          mainiacjoe_overflow_tiny_flanked, lemuel_tele_altar,
          ebering_ghost_gozag, item_on_display_a
D:6:      kennysheep_windowed_halls, layout_basic, tso_oasis_becter,
          gammafunk_ghost_arena, uniq_edmund
D:7:      layout_loops_ring, mainiacjoe_overflow_paths, uniq_maggie
D:8:      layout_basic, special_room [special_room_orc]
D:9:      layout_basic, kennysheep_mini, old_standard_altar
D:10:     layout_roguey [special_room_bee], david_orc_4, enter_bailey_3,
          minmay_the_grid_2x2 [minmay_the_grid_outer_diamond,
          minmay_the_grid_large_cup, minmay_the_grid_broken_lines,
          minmay_the_grid_prize_four_corners]
D:11:     layout_basic, david_lair_shrubbed, serial_glass, glass_columns_b,
          glass_columns_c, glass_columns_b, glass_columns_c, uniq_gastronok,
          uniq_maurice, uniq_harold, uniq_snorg, uniq_erica, uniq_urug
D:12:     layout_irregular_city
D:13:     layout_basic
D:14:     layout_rooms, erik_vaults_2, portal_ice_cave_entry_pillars_1,
          nicolae_twisting_strands, kennysheep_cluttered_room, uniq_louise
D:15:     grunt_enter_depths_magical_seal, layout_basic, serial_shops,
          nicolae_shop_behind_doors, shop, columned_hall_lemuel,
          nicolae_ashenzari_skybound
Temple:   nicolae_temple_little_seven
Lair:1:   layout_regular_city, basic_altar, infiniplex_staircase_pool_2,
          grunt_megastairs_2, lemuel_fruit_tree
Lair:2:   layout_cellular_growth, dummy_spider_entry, gauntlet_entry_generic
Lair:3:   layout_chaotic_city, minmay_swamp_entry_worms, serial_bayou_shore_a,
          uniq_kirke
Lair:4:   regret_index_wax_grids, layout_cave_pods, infiniplex_staircase_pool
Lair:5:   grunt_lair_end_beastmaster, layout_cave_pods, slime_entry_1
Swamp:1:  layout_falls_marsh, evilmike_swamp_ruin_rubble_1,
          nicolae_swamp_drake_lake
Swamp:2:  layout_basic_swamp, nicolae_swamp_fairy_circle
Swamp:3:  layout_falls_marsh, serial_swamp_ruin, evilmike_swamp_ruin_house_1,
          evilmike_swamp_ruin_house_4, evilmike_swamp_ruin_house_6
Swamp:4:  nzn_swamp_witches_coven, layout_basic_swamp, swamp_pool4,
          nicolae_swamp_small_spring
Spider:1: layout_spider_delve, uniq_azrael
Spider:2: layout_spider_delve
Spider:3: layout_spider_delve, hangedman_spider_tarantella_strand
Spider:4: spider_rune_water, uniq_asterion
Orc:1:    giant_chief_lemuel, layout_diamond_mine
Orc:2:    st_orc_congregation, layout_caves, uniq_rupert, uniq_erolcha
Elf:1:    minmay_elf_arrival_summoners, layout_onion_city,
          minmay_elf_crystal_hexagon, nicolae_elf_archery_training
Elf:2:    nicolae_elf_blades_crystal_corner, layout_loops_corners, serial_shops,
          nicolae_square_shop, basic_altar, lemuel_elevator, uniq_agnes
Elf:3:    elf_hall_gauntlet_narrow, layout_geoelf_grid
Vaults:1: ebering_ghost_disaster_area, hangedman_vaults_restitches,
          nicolae_vaults_network_s, nicolae_vaults_circle_grid_b,
          nicolae_vaults_windows_and_doors_thing, hangedman_vaults_cutoff,
          nicolae_vaults_alarming, dpeg_vaults_hating_casters,
          dpeg_vaults_monster_row, nicolae_vaults_rhombus_5,
          layout_vaults_big_room, serial_shops, shop, nicolae_shop_trees,
          nicolae_shop_advertising_works [nicolae_subvault_shop_adworks], shop,
          shop
Vaults:2: nicolae_vaults_network_star, vaults_room_pools, ontoclasm_vaults_echo,
          nicolae_vaults_triangles, vaults_room_large_hall,
          hangedman_vaults_hat, hangedman_vaults_stagger, layout_vaults_omnigrid
Vaults:3: minmay_crypt_entry_simple_corners, v_rooms_5,
          hangedman_vaults_stretched_pinwheel, v_rooms_3,
          nicolae_vaults_what_the_h, hangedman_vaults_corner,
          grunt_vaults_twisty, ontoclasm_vaults_ring_small,
          ontoclasm_vaults_hangar, ontoclasm_vaults_twist,
          ontoclasm_vaults_spin, vaults_dpeg_ring, vaults_dpeg_diagonal,
          layout_vaults_ring, serial_shops, shop, uniq_donald, uniq_zenata,
          uniq_mara
Vaults:4: gammafunk_ghost_tricky_traps, v_misc_13, vaults_room_pools,
          serial_ice_h, v_alt_pattern_2, vaults_room_door_hall,
          hangedman_vaults_nodes, nicolae_vaults_three_branches,
          vaults_room_grid, nicolae_vaults_branching_niches,
          nicolae_vaults_ninety_degrees, nicolae_vaults_little_squares_1,
          layout_vaults_omnicross
Crypt:1:  layout_gridlike, roderic_lattice_octagonal_star,
          grunt_crypt_arrival_webbed
Crypt:2:  layout_regular_city, gammafunk_ghost_abyssal_escape, basic_altar,
          grunt_megastairs_4
Crypt:3:  david_glass_crypt, layout_misc_corridors, tomb_entry_pyramid_bobbens,
          minmay_misc_feat_alley, uniq_xtahua
Depths:1: layout_gridlike, hell_entry, hellmonk_ghost_big_iron,
          old_standard_altar, kennysheep_doodads,
          nicolae_hepliaklqana_monster_ancestors, grunt_megastairs_5
Depths:2: nicolae_cairo_tiling_large, layout_gridlike, rand_demon_pan_entry_4,
          serial_shops, bzr_entry_water, dreamdust_wishing_well, pf_coc_iceberg,
          uniq_sojobo
Depths:3: evilmike_horseshoe, layout_cross, hellmouth_1, abyss_entry,
          nicolae_two_hexagons
Depths:4: evilmike_zot_entry_hall, layout_small_grid, enter_ziggurat_f,
          hell_entry, minmay_shop_grove, uniq_grunn, uniq_josephina

Skill      XL: |  1  2  3  4  5  6  7  8  9 10 11 12 13 14 15 16 17 18 19 20 21 22 23 |
---------------+----------------------------------------------------------------------+-----
Ranged Weapons | 5 6 7 8 10 11 13 14 15 16 17 18 20 21 22 23 | 23.2
Fighting       | 3 5 6 8 10 11 13 15 16 18 19 21 22 23 24 25 26 | 26.3
Invocations    | 2 4 5 6 8 9 |  9.5
Armour         | 5 11 12 14 15 17 18 20 21 22 23 24 25 26 | 26.6
Dodging        | 5 7 9 11 13 15 16 18 19 20 21 22 23 | 23.4
Stealth        | |  0.7

Action                     |  1- 3 |  4- 6 |  7- 9 | 10-12 | 13-15 | 16-18 | 19-21 | 22-24 || total
---------------------------+-------+-------+-------+-------+-------+-------+-------+-------++-------
  Melee: Shortbow          |       |       |     1 |       |       |       |       |       ||     1
         Sling             |       |       |       |     1 |       |       |       |       ||     1
         Longbow           |       |       |       |       |     3 |     8 |     3 |     5 ||    19
         Headbutt          |       |       |       |       |     1 |     3 |     1 |     2 ||     7
   Fire: Shortbow          |   110 |   154 |   363 |   289 |       |       |       |       ||   916
         Sling             |       |       |       |   157 |     4 |       |       |       ||   161
         Arbalest          |       |       |       |    68 |   605 |       |       |   274 ||   947
         Longbow           |       |       |       |       |   534 |  1491 |  1791 |  1052 ||  4868
 Invoke: Heroism           |       |       |     7 |    16 |    27 |    22 |    26 |    21 ||   119
         Finesse           |       |       |       |     4 |     3 |     3 |     1 |     3 ||    14
         Duel              |       |       |       |       |     1 |       |       |       ||     1
  Evoke: Wand              |       |       |       |     4 |       |     1 |     2 |     3 ||    10
         Condenser vane    |       |       |       |       |     1 |     3 |       |       ||     4
         Phial of floods   |       |       |       |       |       |       |     1 |       ||     1
    Use: Scroll            |       |    12 |     2 |    11 |     5 |    10 |       |    10 ||    50
         Potion            |       |     2 |     3 |     7 |     7 |     3 |     2 |     3 ||    27
 Armour: Leather armour    |     1 |       |       |       |       |       |       |       ||     1
         Scale mail        |    21 |    23 |    96 |    29 |       |       |       |       ||   169
         Plate armour      |       |       |       |   132 |   627 |   433 |   398 |   484 ||  2074
         Skin              |       |       |       |    27 |       |       |       |       ||    27
  Dodge: Dodged            |    18 |    25 |   130 |   171 |   649 |  1090 |  1133 |  1178 ||  4394

Table legend: (Time is in decaauts)
 A = Elapsed time spent in this place.
 B = Non-inter-level travel time spent in this place.
 C = Inter-level travel time spent in this place.
 D = Time resting spent in this place.
 E = Time spent auto-exploring this place.
 F = Levels seen in this place.
 G = Mean time per level.
                   A        B        C        D        E       F      G
               +--------+--------+--------+--------+--------+-----+--------+
         Total |  53386 |  45866 |   7520 |   1455 |  31882 |  54 |  988.6 |
       Dungeon |  15324 |  12065 |   3259 |    225 |   8943 |  15 | 1021.6 |
        Temple |    149 |    112 |     37 |      0 |    110 |   1 |  149.0 |
          Lair |   6042 |   5211 |    831 |    149 |   3868 |   5 | 1208.4 |
         Swamp |   3356 |   2863 |    493 |     61 |   2039 |   4 |  839.0 |
   Spider Nest |   4087 |   3647 |    440 |    154 |   2726 |   4 | 1021.8 |
  Orcish Mines |   2754 |   2015 |    739 |    247 |   1150 |   2 | 1377.0 |
   Elven Halls |   4143 |   3649 |    494 |    316 |   2158 |   3 | 1381.0 |
        Vaults |   7062 |   6193 |    869 |    194 |   4409 |   4 | 1765.5 |
         Crypt |   4100 |   3908 |    192 |     23 |   2960 |   3 | 1366.7 |
        Depths |   3408 |   3245 |    163 |      0 |   2278 |   4 |  852.0 |
         Abyss |    919 |    919 |      0 |      1 |    444 |   3 |  306.3 |
        Bazaar |     69 |     69 |      0 |      0 |     25 |   1 |   69.0 |
         Sewer |    212 |    212 |      0 |      0 |    159 |   1 |  212.0 |
        Bailey |    414 |    414 |      0 |     16 |    105 |   1 |  414.0 |
      Ice Cave |    886 |    886 |      0 |     42 |    365 |   1 |  886.0 |
      Gauntlet |    413 |    413 |      0 |      4 |    141 |   1 |  413.0 |
         Arena |     40 |     40 |      0 |     19 |      0 |   1 |   40.0 |
               +--------+--------+--------+--------+--------+-----+--------+

Top non-repeatable levels by time:
Vaults:4: 2082 daAuts
Vaults:1: 1936 daAuts
   Orc:1: 1816 daAuts
    D:11: 1642 daAuts
    D:10: 1632 daAuts
 Crypt:3: 1608 daAuts
 Crypt:2: 1571 daAuts
   Elf:1: 1543 daAuts
Vaults:3: 1543 daAuts
     D:6: 1519 daAuts
Vaults:2: 1500 daAuts
   Elf:2: 1382 daAuts
Depths:2: 1319 daAuts
 Swamp:4: 1317 daAuts
  Lair:1: 1297 daAuts
